 Dungeon Crawl Stone Soup version 0.27.1-33-g824d729ab1 (webtiles) character file.

Game seed: 13187473543573523384

1628 Unglued128 the Magician (level 8, -5/52 HPs)
             Began as a Demonspawn Fire Elementalist on Nov 29, 2021.
             Was an Initiate of Ashenzari.
             Slain by a yak (10 damage)
             ... on level 5 of the Dungeon.
             The game lasted 01:07:16 (9036 turns).

Unglued128 the Magician (DsFE)                      Turns: 9036, Time: 01:07:17

Health: -5/52      AC:  4    Str:  8    XL:     8   Next: 65%
Magic:  17/17      EV: 14    Int: 28    God:    Ashenzari [......]
Gold:   334        SH:  0    Dex: 15    Spells: 14/19 levels left

rFire    + . .     SeeInvis .   d - staff of fire
rCold    . . .     Faith    .   (no shield)
rNeg     . . .     Spirit   .   a - +0 robe
rPois    .         Reflect  .   (no helmet)
rElec    .         Harm     .   t - +0 cloak
rCorr    .         Rampage  .   (no gloves)
Will     +....                  m - +0 pair of boots
Stlth    ++........             (no amulet)
HPRegen  0.17/turn              e - +6 ring of intelligence
MPRegen  0.30/turn              p - ring of willpower

@: no status effects
A: claws 2, magic regeneration, big brain 2
a: Renounce Religion


You were on level 5 of the Dungeon.
You worshipped Ashenzari.
Ashenzari was noncommittal.
You visited 2 branches of the dungeon, and saw 6 of its levels.

You collected 334 gold pieces.

Inventory:

Hand Weapons
 l - a +0 vorpal flail
Missiles
 k - 3 boomerangs
 r - a throwing net
 u - 6 datura-tipped darts (quivered)
 w - 2 silver boomerangs
Armour
 a - a +0 robe (worn)
 m - a +0 pair of boots (worn)
 t - a +0 cloak (worn)
Magical Staves
 d - a staff of fire (weapon)
Jewellery
 e - a +6 ring of intelligence (left claw)
 j - an amulet of faith
 p - a ring of willpower (right claw)
Wands
 v - a wand of charming (10)
Scrolls
 h - a scroll of magic mapping
 q - a scroll of identify
Potions
 b - 2 potions of flight
 c - 2 potions of magic
 f - 3 potions of heal wounds
 g - 2 potions of curing
 i - 4 potions of might
 n - a potion of haste
 o - 2 potions of brilliance
 s - a potion of mutation


   Skills:
 + Level 4.5 Dodging
 - Level 1.7 Stealth
 * Level 6.3 Spellcasting
 + Level 4.7 Conjurations
 + Level 4.9 Fire Magic
 - Level 3.2 Evocations


You had 14 spell levels left.
You knew the following spells:

 Your Spells              Type           Power      Damage    Failure   Level
a - Foxfire               Conj/Fire      100%       2x1d9     1%          1
b - Sticky Flame          Conj/Fire      52%        2d7       8%          4

Your spell library contained the following spells:

 Spells                   Type           Power      Damage    Failure   Level
 Conjure Flame            Conj/Fire      52%        6-21      2%          3
 Inner Flame              Hex/Fire       34%        N/A       6%          3
 Fireball                 Conj/Fire      26%        3d12      22%         5


Dungeon Overview and Level Annotations

Branches:
Dungeon (5/15)             Temple (1/1) D:4

Altars:
Ashenzari
Cheibriados
Dithmenos
Fedhas
Hepliaklqana
Kikubaaqudgha
Makhleb
Okawaru
Qazlal
Ru
Trog
Uskayaw
Vehumet
Wu Jian
Xom
Yredelemnul
Zin
The Shining One


Innate Abilities, Weirdness & Mutations

You have very sharp fingernails.
You regenerate magic rapidly.
You have an extremely huge brain. (Int +4)


Message History

The foxfire hits Edmund.
Edmund is moderately wounded.
Casting: Foxfire (safe; 1% risk of failure)
Confirm with . or Enter, or press ? or * to list all spells.
You feel a surge of power!
You conjure some foxfire!
Casting: Foxfire (safe; 1% risk of failure)
Confirm with . or Enter, or press ? or * to list all spells.
Aiming: Sticky Flame (dangerous; 9% risk of failure)
Press: ? - help, Shift-Dir - straight line, f - Edmund
Aim: Edmund, wielding a +0 vorpal flail and wearing a +0 chain mail (moderately wounded, ally target, 100% to hit)
You feel a surge of power!
The sticky flame hits Edmund.
Edmund is heavily wounded.
Edmund is covered in liquid flames!
Edmund burns!
The foxfire hits Edmund.
Edmund is severely wounded.
The foxfire hits Edmund.
Edmund is almost dead.
Edmund misses you.
Casting: Sticky Flame (dangerous; 9% risk of failure)
Confirm with . or Enter, or press ? or * to list all spells.
Aiming: Sticky Flame (dangerous; 9% risk of failure)
Press: ? - help, Shift-Dir - straight line, f/p - Edmund
Aim: Edmund, wielding a +0 vorpal flail and wearing a +0 chain mail (almost dead, covered in liquid flames, 100% to hit)
You feel a surge of power!
The sticky flame hits Edmund!
You kill Edmund!
You start resting.
Magic restored.
o - 2 potions of brilliance (gained 1)
Things that are here:
a +0 vorpal flail; a +0 chain mail
l - a +0 vorpal flail
Okay, then.
There is a stone staircase leading down here.
You climb downwards.
The yak gores you! x3
* * * LOW HITPOINT WARNING * * *
There is a stone staircase leading up, spattered with blood here.
The yak bellows!
The yak gores you!
* * * LOW HITPOINT WARNING * * *
The yak gores you!
You die...

.#..............#
.#.........Y....#
###Y#######..#######
###.###.####Y####..##
#....#.......#......#
#....#.......Y......#
#...<#.......#......#
#...§#.......#.Y.Y..##
##..###..#.....†@....#
##..##################
.......# .......#
#####..# ##..####
##...# ##...# ##..##


You could see 4 yaks.

Vanquished Creatures
  Sigmund (D:4)
  A yak (D:5)
  Eustachio (D:4)
  Edmund (D:4)
  A water moccasin (D:5)
  A black bear (D:4)
  An ogre (D:4)
  2 scorpions
  A water moccasin zombie (D:5)
  A water moccasin skeleton (D:3)
  2 howler monkeys
  An orc priest (D:5)
  A jelly (D:4)
  2 hounds (D:2)
  3 orc wizards (D:5)
  Ijyb (D:5)
  3 iguanas (D:4)
  7 adders
  A gnoll (D:2)
  A shadow imp (D:5)
  3 ufetubi
  2 adder skeletons (D:4)
  5 worms
  2 dart slugs
  5 orcs
  6 bats
  6 endoplasms
  4 giant cockroaches
  15 goblins
  11 hobgoblins
  8 jackals
  9 kobolds
  2 quokkas
  4 ball pythons
  3 frilled lizards
  3 rats
121 creatures vanquished.

Vanquished Creatures (collateral kills)
  2 foxfires (D:4)
2 creatures vanquished.

Vanquished Creatures (others)
  529 foxfires
529 creatures vanquished.

Grand Total: 652 creatures vanquished

Notes
Turn   | Place    | Note
-------+----------+-------------------------------------------
     0 | D:1      | Unglued128 the Demonspawn Fire Elementalist began the quest
                  | for the Orb.
     0 | D:1      | Reached XP level 1. HP: 13/13 MP: 3/3
   622 | D:1      | Gained mutation: You regenerate magic rapidly. [demonic
                  | ancestry]
   622 | D:1      | Reached XP level 2. HP: 15/19 MP: 1/5
  1615 | D:2      | Gained mutation: You have an unusually large brain. (Int
                  | +2) [demonic ancestry]
  1615 | D:2      | Reached XP level 3. HP: 20/24 MP: 3/6
  2707 | D:2      | Reached skill level 3 in Spellcasting
  2707 | D:2      | Gained mutation: You have sharp fingernails. [demonic
                  | ancestry]
  2707 | D:2      | Reached XP level 4. HP: 19/30 MP: 4/8
  3764 | D:3      | Gained mutation: You have very sharp fingernails. [demonic
                  | ancestry]
  3764 | D:3      | Reached XP level 5. HP: 29/35 MP: 6/10
  4610 | D:3      | Found a snail-covered altar of Cheibriados.
  4675 | D:4      | Reached skill level 4 in Spellcasting
  4675 | D:4      | Gained mutation: You have an extremely huge brain. (Int +4)
                  | [demonic ancestry]
  4675 | D:4      | Reached XP level 6. HP: 12/41 MP: 7/12
  5262 | D:4      | Reached skill level 1 in Evocations
  5289 | D:4      | Identified the +5 scale mail of Suuw Fogh {Harm rN+ Str+2
                  | Dex+3}
  6297 | D:4      | Found a staircase to the Ecumenical Temple.
  6413 | Temple   | Entered the Ecumenical Temple
  6481 | Temple   | Became a worshipper of Ashenzari the Shackled
  6743 | D:4      | Reached XP level 7. HP: 46/46 MP: 7/13
  6953 | D:4      | Found a hazy altar of Hepliaklqana.
  7155 | D:4      | Noticed Edmund
  7338 | D:4      | Noticed Eustachio
  7508 | D:5      | Entered Level 5 of the Dungeon
  7713 | D:5      | Reached skill level 5 in Spellcasting
  7865 | D:5      | Reached XP level 8. HP: 42/52 MP: 10/16
  8142 | D:4      | Killed Eustachio
  8306 | D:5      | Noticed Ijyb
  8313 | D:5      | Killed Ijyb
  8570 | D:4      | Noticed Sigmund
  8575 | D:4      | Killed Sigmund
  8833 | D:5      | Reached skill level 6 in Spellcasting
  8960 | D:4      | Learned a level 4 spell: Sticky Flame
  8988 | D:4      | Killed Edmund
  9036 | D:5      | Slain by a yak

Illustrated notes

Levels and vault maps discovered:
D:1:      lightli_iron_boxes, layout_basic
D:2:      layout_loops_ring, kennysheep_generic_room_15
D:3:      layout_rooms, mainiacjoe_overflow_alcove_2, cheibrodos_gnoll_hut
D:4:      minmay_angry_zag, layout_loops_ring, amcnicky_altar_gilded,
          minmay_temple_entry_fiery, sigmund_edmund_badplayer, uniq_eustachio
D:5:      layout_gridville, gammafunk_temple_overflow_elements,
          kennysheep_generic_room_4, uniq_ijyb
Temple:   nicolae_temple_elliptical

Skill      XL: |  1  2  3  4  5  6  7  8 |
---------------+-------------------------+-----
Dodging        | 2 3 4 |  4.5
Fire Magic     | 3 4 |  4.9
Spellcasting   | 3 4 5 6 |  6.3
Conjurations   | 2 3 4 |  4.7
Evocations     | 1 2 3 |  3.2
Stealth        | |  1.7

Action                   |  1- 3 |  4- 6 |  7- 9 || total
-------------------------+-------+-------+-------++-------
Melee: Unarmed           |     3 |       |       ||     3
       Staff             |     5 |    31 |    10 ||    46
 Cast: Foxfire           |    87 |   122 |   130 ||   339
       Sticky Flame      |       |       |     2 ||     2
  Use: Scroll            |     1 |     9 |     1 ||    11
       Potion            |       |       |     1 ||     1
Armor: Robe              |     8 |    11 |     3 ||    22
Dodge: Dodged            |    34 |    65 |    21 ||   120
